Cogmind - Beta 17 @@@ ROGUE MODE // 2026.07.16 @ 07:38:44 // Winter2019/RPGLIKE Player: Gallgagger Result: Self-destructed Performance ------------- Evolutions (1) 500 Regions Visited (3) 600 Robots Destroyed (0) 0 Value Destroyed (0) 0 Prototype IDs (0) 0 Alien Tech Used (0) 0 Bonus (200) 200 TOTAL SCORE: 1300 Bonus ------- Pacifist 200 Cogmind --------- Core Integrity 317/600 Matter 177/300 Energy 100/100 System Corruption 2% Temperature Cool (0) Movement Hovering (48) Location -9/Mines Parts ------- > --- POWER (1) -------- (None) > --- PROPULSION (4) --- Improved Hover Unit Improved Hover Unit Improved Hover Unit Improved Hover Unit > --- UTILITY (1) ------ (None) > --- WEAPON (1) ------- (None) > --- INVENTORY (0) ---- (None) Peak State ------------ > --- POWER ------------ (None) > --- PROPULSION ------- Improved Hover Unit Improved Hover Unit Improved Hover Unit Improved Hover Unit > --- UTILITY ---------- (None) > --- WEAPON ----------- (None) > --- INVENTORY -------- (None) [Rating: 8] Favorites ----------- Power None Propulsion Improved Hover Unit Hover Unit Improved Hover Unit Utility None Weapon None Build | -11 -10 -9 -9 ------- Run | Yrd Mat Mat Min Slots Evolved 3 | . 3 . . Power . | . . . . Propulsion 3 | . 3 . . Utility . | . . . . Weapon . | . . . . Parts Attached 4 | . 4 . . Power . | . . . . Engine . | . . . . Core . | . . . . Reactor . | . . . . Propulsion 4 | . 4 . . Treads . | . . . . Leg . | . . . . Wheel . | . . . . Hover 4 | . 4 . . Flight . | . . . . Utility . | . . . . Device . | . . . . Storage . | . . . . Processor . | . . . . Hackware . | . . . . Protection . | . . . . Artifact . | . . . . Weapon . | . . . . Energy Gun . | . . . . Energy Cannon . | . . . . Ballistic Gun . | . . . . Ballistic Cannon . | . . . . Launcher . | . . . . Special Weapon . | . . . . Impact Weapon . | . . . . Slashing Weapon . | . . . . Piercing Weapon . | . . . . Special Melee Weapon . | . . . . Unidentified Prototypes . | . . . . Parts Lost . | . . . . Power . | . . . . Propulsion . | . . . . Utility . | . . . . Weapon . | . . . . Highest Loss Streak . | . . . . To Critical Strikes . | . . . . Average Backups . | . . . . Power . | . . . . Propulsion . | . . . . Utility . | . . . . Weapon . | . . . . Tool/Special . | . . . . Unused Backups . | . . . . Power . | . . . . Propulsion . | . . . . Utility . | . . . . Weapon . | . . . . Tool/Special . | . . . . Average Slot Usage (%) 46 | . 32 57 . Hover 46 | . 32 57 . Peak Build Rating 8 | . 8 8 . Average Rating 6 | . 5 8 . On Entrance 4 | . . 8 8 Avg Prop Armor Cover (%) . | . . . . Naked Turns 20 | . 20 . . Heaviest Build . | . . . . Greatest Support 28 | 3 28 28 . Greatest Overweight (x) . | . . . . Average Overweight (x) . | . . . . Largest Inventory Capacity . | . . . . Average Capacity . | . . . . Most Carried . | . . . . Average Carried . | . . . . Final Capacity . | . . . . Final Carried . | . . . . Class Distribution -------------------- 100% | Mutant Dominant Class ---------------- Mutant | -10/Materials Mutant | -9/Materials Mutant | -9/Mines Resources | -11 -10 -9 -9 ----------- Run | Yrd Mat Mat Min Matter Collected 105 | 58 . 47 . Remotely . | . . . . Salvage Created . | . . . . Parts . | . . . . Haulers Intercepted . | . . . . Recyclers Shooed . | . . . . Parts Field Recycled . | . . . . Retrieved Matter . | . . . . Parts Self-Destructed . | . . . . Prevented . | . . . . Parts Restored . | . . . . Kills | -11 -10 -9 -9 ------- Run | Yrd Mat Mat Min Combat Hostiles Destroyed . | . . . . Classes Destroyed . | . . . . Best Kill Streak . | . . . . Combat Bots Only . | . . . . Max Kills in Single Turn . | . . . . Gunslinging . | . . . . Exploded . | . . . . Melee . | . . . . Uniques/NPCs Destroyed . | . . . . Combat | -11 -10 -9 -9 -------- Run | Yrd Mat Mat Min Hostile Shots Fired 43 | . 18 25 . Missed 17 | . 7 10 . Hits 26 | . 11 15 . Projectile 26 | . 11 15 . Critical Strikes 1 | . 1 . . Damage Taken 336 | 3 140 193 . Core 283 | 3 115 165 . Absorbed by Shields . | . . . . Redirected to Core 166 | . 83 83 . Core Remaining (%) 89 | 99 80 . . Volleys Fired . | . . . . Largest . | . . . . Hottest . | . . . . Shots Fired . | . . . . Gun . | . . . . Cannon . | . . . . Launcher . | . . . . Special . | . . . . Kinetic . | . . . . Thermal . | . . . . Explosive . | . . . . Electromagnetic . | . . . . Robot Hit Streak . | . . . . Robot Miss Streak . | . . . . Penetration Max . | . . . . Secondary Targets . | . . . . Shots Hit Robots . | . . . . Core Hits 2 | . . 2 . Critical Kills . | . . . . Critical Parts Destroyed . | . . . . Critical Strikes . | . . . . Melee Attacks . | . . . . Impact . | . . . . Slashing . | . . . . Piercing . | . . . . Sneak Attacks . | . . . . Combat Hostiles . | . . . . Follow-up Attacks . | . . . . Damage Inflicted 24 | 6 . 18 . Guns . | . . . . Cannons . | . . . . Explosions . | . . . . Melee . | . . . . Ramming 24 | 6 . 18 . Kinetic . | . . . . Thermal . | . . . . Explosive . | . . . . Electromagnetic . | . . . . Impact . | . . . . Slashing . | . . . . Piercing . | . . . . Highest Corruption 2 | . . 2 . Average Corruption 2 | . . 2 . Corruption Purged . | . . . . Corruption Blocked . | . . . . Effects 1 | . . 1 . Energy Discharges 1 | . . 1 . Overload Shots . | . . . . Overflow Damage . | . . . . Projectiles . | . . . . Explosions . | . . . . Melee . | . . . . Knockbacks . | . . . . Impact . | . . . . Kinetic . | . . . . Secondary . | . . . . Self-Inflicted Damage 12 | 3 . 9 . Shots . | . . . . Rammed 4 | 1 . 3 . Targets Rammed 4 | 1 . 3 . Kicked . | . . . . Crushed . | . . . . Highest Temperature 2 | . 2 2 . Average Temperature 2 | . 2 2 . Received Heat Transfer 141 | . 69 72 . Siege Activations . | . . . . Martial Activations . | . . . . Shielding Activations . | . . . . Robots Disrupted . | . . . . Combat Hostiles . | . . . . Robots Corrupted . | . . . . Combat Hostiles . | . . . . Parts Fried . | . . . . Impact Corruptions . | . . . . Robots Melted . | . . . . Combat Hostiles . | . . . . Parts Melted . | . . . . Heat Transferred . | . . . . Parts Sabotaged . | . . . . Parts Stolen . | . . . . Parts Stripped . | . . . . Power Chain Reactions . | . . . . Alert | -11 -10 -9 -9 ------- Run | Yrd Mat Mat Min Maximum Alert Level . | . . . . Low Security (%) 100 | 100 100 100 . Level 1 . | . . . . Level 2 . | . . . . Level 3 . | . . . . Level 4 . | . . . . Level 5 . | . . . . High Security . | . . . . Max Security . | . . . . Peak Influence 30 | . . 30 . Initial 18 | . . 18 11 Average 7 | . . 15 . Influence Increases 83 | . 45 38 . Successful Hack 8 | . . 8 . Lose Combat Pursuer 75 | . 45 30 . Influence Decreases 72 | . . 53 19 Entered New Map 46 | . . 27 19 Time Decay 26 | . . 26 . Squads Dispatched 2 | . . 2 . Investigation . | . . . . Extermination . | . . . . Reinforcement 2 | . . 2 . Assault . | . . . . Garrison . | . . . . Intercept . | . . . . Searches Triggered . | . . . . Construction Impeded . | . . . . Haulers Reinforced . | . . . . Active Scanning Responses . | . . . . Cargo Convoy Interrupts . | . . . . Stealth | -11 -10 -9 -9 --------- Run | Yrd Mat Mat Min Distress Signals 1 | . . 1 . Communications Jammed . | . . . . Distress Signals . | . . . . Times Spotted 25 | . 7 18 . Peak Tracking Total 15 | . 7 15 . Tactical Retreats 2 | . 1 1 . Traps | -11 -10 -9 -9 ------- Run | Yrd Mat Mat Min Traps Triggered . | . . . . Indirectly . | . . . . Trap Hack Attempts . | . . . . Triggered . | . . . . Disarmed . | . . . . Reprogrammed . | . . . . Reused . | . . . . Traps Extracted . | . . . . Installed . | . . . . Triggered . | . . . . Machines | -11 -10 -9 -9 ---------- Run | Yrd Mat Mat Min Machines Disabled . | . . . . Max in Single Turn . | . . . . Machines Repaired . | . . . . Machines Dismantled . | . . . . Machines Sabotaged . | . . . . Overloaded Fab Kills . | . . . . Hacking | -11 -10 -9 -9 --------- Run | Yrd Mat Mat Min Machines Accessed 1 | . . 1 . Terminals 1 | . . 1 . Fabricators . | . . . . Repair Stations . | . . . . Recycling Units . | . . . . Scanalyzers . | . . . . Garrison Access . | . . . . Total Hacks 3 | . . 3 . Successful 1 | . . 1 . Failed 2 | . . 2 . Catastrophic 1 | . . 1 . Database Lockouts . | . . . . Manual 3 | . . 3 . Terminals 3 | . . 3 . Fabricators . | . . . . Repair Stations . | . . . . Recycling Units . | . . . . Scanalyzers . | . . . . Garrison Access . | . . . . Terminal Hacks 1 | . . 1 . Branch Access Points 1 | . . 1 . Fabricator Hacks . | . . . . Repair Station Hacks . | . . . . Recycling Unit Hacks . | . . . . Scanalyzer . | . . . . Garrison Access Hacks . | . . . . Unauthorized Hacks . | . . . . Terminals . | . . . . Fabricators . | . . . . Repair Stations . | . . . . Recycling Units . | . . . . Scanalyzers . | . . . . Garrison Access . | . . . . Data Cores Recovered . | . . . . Used . | . . . . Hacking Detections 1 | . . 1 . Full Trace Events . | . . . . Feedback Events . | . . . . Feedback Blocked . | . . . . Robot Schematics Acquired . | . . . . Robots Built . | . . . . Authchips . | . . . . Time . | . . . . Total Robot Build Rating . | . . . . Part Schematics Acquired . | . . . . Parts Built . | . . . . Authchips . | . . . . Time . | . . . . Total Part Build Rating . | . . . . Part Studies Acquired . | . . . . Parts Repaired . | . . . . Time . | . . . . Parts Recycled . | . . . . Recycled Matter . | . . . . Retrieved Matter . | . . . . Retrieved Components . | . . . . Parts Scanalyzed . | . . . . Part Schematics Acquired . | . . . . Parts Damaged . | . . . . Bothacking | -11 -10 -9 -9 ------------ Run | Yrd Mat Mat Min Used RIF Installer . | . . . . Robots Hacked . | . . . . Non-combat . | . . . . Combat . | . . . . Robot Hacks Applied . | . . . . Relay Couplers Released . | . . . . Fabnet Peak Effective % . | . . . . Robots Rewired . | . . . . Allies Hacked . | . . . . Hacks Repelled . | . . . . Allies | -11 -10 -9 -9 -------- Run | Yrd Mat Mat Min Total Allies . | . . . . Largest Group . | . . . . Highest-Rated Group . | . . . . Highest-Rated Ally . | . . . . Total Orders . | . . . . Ally Attacks . | . . . . Total Damage . | . . . . Kills . | . . . . Allies Corrupted . | . . . . Allies Melted . | . . . . Intel | -11 -10 -9 -9 ------- Run | Yrd Mat Mat Min Active Infowar (turns) . | . . . . Robot Analysis Total . | . . . . Derelict Logs Recovered . | . . . . Drone Launches . | . . . . Drone Recoveries . | . . . . Exploration | -11 -10 -9 -9 ------------- Run | Yrd Mat Mat Min Turns Passed 152 | 11 63 78 . Spaces Moved 294 | 20 117 157 . Core 58 | 20 38 . . Treads . | . . . . Legs . | . . . . Wheels . | . . . . Hover 236 | . 79 157 . Flight . | . . . . Fastest Speed 48 | 50 48 48 . Average Speed 48 | 50 48 48 . Slowest Speed 60 | 50 60 48 . Overloaded Moves . | . . . . Propulsion Burnouts . | . . . . Robots Hopped . | . . . . Potential Cave-ins . | . . . . Cave-ins Triggered . | . . . . Exploration Rate (%) 16 | 3 27 31 4 Regions Visited 3 Branch Regions 1 Pre-discovered Areas . | . . . . Known Exits Taken 1 | . . 1 . Unknown Exits Taken 2 | 1 1 . . Scrap Searched . | . . . . Spaces Dug . | . . . . Terrain Destroyed . | . . . . Melee . | . . . . Projectile . | . . . . AOE . | . . . . Terrain Rammed . | . . . . Walls Destroyed . | . . . . Machines Disabled . | . . . . Actions | -11 -10 -9 -9 --------- Run | Yrd Mat Mat Min Total 299 | 20 120 159 . Wait . | . . . . Move 291 | 19 116 156 . Hop . | . . . . Pick Up . | . . . . Fast Attach 4 | . 4 . . Attach . | . . . . Detach . | . . . . Swap . | . . . . Drop . | . . . . Fire . | . . . . Melee . | . . . . Ram 4 | 1 . 3 . Kick . | . . . . Crush . | . . . . Escape Stasis . | . . . . Rewire . | . . . . Trap . | . . . . Miscellaneous . | . . . . Route ------- -11/Scrapyard -10/Materials -9/Materials (discovered 2 exits: *Min x2) -9/Mines History --------- Turn | Location | Event 2 | -11/Scrapyard | Met Revision 17 5 | -11/Scrapyard | Discovered new exit (range 12) 12 | -11/Scrapyard | Entered Materials 33 | -10/Materials | Upgraded with Propulsion slot (x3) 73 | -10/Materials | Discovered new exit (range 4) 75 | -10/Materials | Entered another Materials area 77 | -9/Materials | Reached level 2 82 | -9/Materials | Identified exit to Mines 153 | -9/Materials | Entered Mines 153 | -9/Mines | Self-destructed Last Messages --------------- 00087_ O-16 Technician: "IFF HANDSHAKE FAILED. SECURING TERMINAL." 00089_ T-07 Excavator is excavating. 00094_ ALERT: Hostiles spotted, dispatching reinforcements to Terminal M010. 00095_ U-05 Engineer lays Concrete. 00105_ K-01 Serf collects debris. 00111_ Acquired 47 matter. 00114_ Slammed into K-01 Serf. 00116_ Slammed into U-05 Engineer. 00116_ Destabilizing: System corrupted (+2). 00117_ System corrupted: Energy discharge (-28). 00124_ O-16 Technician: "IFF HANDSHAKE FAILED. SECURING TERMINAL." 00124_ W-16 Scout sends out distress signal. 00128_ O-16 Technician uses terminal to summon reinforcements. 00128_ ALERT: Hostiles spotted, dispatching reinforcements to Terminal M003. 00128_ O-16 Technician locks terminal. 00145_ Slammed into R-06 Scavenger. LOCATION=MINES GOAL=ESCAPE Map ----- +----------------------------------------------------+ | ???????????????????????????????????????????? | | ???????????????????????????????????????????? | | ???????????????????????????????????????????? | | ???????????????????????????????????????????? | | ???????????????????????????????????????????? | | ???????????????????????????????????????????? | | ???????????????????????????????????????????? | | ???????????????????????????????????????????? | | ???????????????????????????????????????????? | | ???????????????????????????????????????????? | | ???????????????????????????????????????????? | | ????????????????????????????#??????????????? | | ??????????????????????????? ##?????????????? | | ??????????????????????????? ##????????????? | | ??????????????????????????? ?????????????? | | ??????????????????????????? t ?????????????? | | ??????????????????????????? #?????????????? | | ?????????????????????????? ##????????????? | | ?????????????????????????? ###??????????? | | ?????????????????????????? ##?????????? | | ?????????????????????????? t #?????????? | | ?????????????????????????? #?????????? | | ????????????????????????## #??????????? | | ???????????????????????## #??????????? | | ???????????????????????# #??????????? | | ???????????????????????# @ #???????????? | | ???????????????????????## ####???????????? | | ????????????????????????#####??????????????? | | ???????????????????????????????????????????? | | ???????????????????????????????????????????? | | ???????????????????????????????????????????? | | ???????????????????????????????????????????? | | ???????????????????????????????????????????? | | ???????????????????????????????????????????? | | ???????????????????????????????????????????? | | ???????????????????????????????????????????? | | ???????????????????????????????????????????? | | | | | | | | | | | | | | | | | | | | | | | | | | | +----------------------------------------------------+ Best States ------------- Heat Dissipation 25 Energy Generation 10 Energy Capacity 100 Matter Stores 177 Matter Capacity 300 Sight Range 16 Terrain Scan Density 10 Evasion (%) 55 Item Schematics ----------------- None Robot Schematics ------------------ None Fabricated ------------ Nothing Repaired ---------- Nothing Studied --------- None Alien Tech Used ----------------- None Achievements -------------- None Challenges ------------ None RPGLIKE | -11 -10 -9 -9 --------- Run | Yrd Mat Mat Min Levels Raised 1 | . . 1 . XP Earned 4640 | 3000 100 1540 . XP Spent 2700 | . 2700 . . Upgrades 4 | . 4 . . Propulsion Slot 3 | . 3 . . Energy Generation 1 | . 1 . . Protomatter Created . | . . . . Protomatter Decayed . | . . . . Game ------ Seed LaunchPrecisionBlasthammer Manual? 0 Play Time 00:01:12 Cumulative 667.0 hours Start 2026.07.16 @ 07:37:34 End 2026.07.16 @ 07:38:44 Sessions 1 Manual Loads 0 Difficulty Rogue Special Mode Winter2019/RPGLIKE Game No. 308 Rogue 154 Adventurer 154 Explorer 0 Win Type - Total 22 Types 4/5/4/3/2/1/0/1/1/1 Lore% 95 Gallery% 88 Achievement% 68 Wizard Run 0 Options --------- Layout 0 ASCII 0 Keyboard 0 Movement Numpad Keybinds 0 Fullscreen 2 Font 18/SmallcapsGlow Map View 76x50 Zoom Use 0% Tactical HUD 1 Map Filters NONE Filters NONE Steam 1 RUN: 5b51a91e-231a-4ffd-ac85-6c58c65a9569